 Dungeon Crawl Stone Soup version 0.29-a0-352-g0917bc69df (webtiles) character file.

Game seed: 10490491006490007054

552 Flugkiller the Sneak (level 7, -14/50 HPs)
             Began as an Octopode Cinder Acolyte on Apr 24, 2022.
             Was a High Priest of Ignis.
             Shot with an arrow by a centaur (15 damage)
             ... on level 6 of the Dungeon.
             The game lasted 00:05:27 (4914 turns).

Flugkiller the Sneak (Octopode Cinder Acolyte)      Turns: 4914, Time: 00:05:28

Health: -14/50     AC:  1    Str: 13    XL:     7   Next: 29%
Magic:  8/8        EV: 14    Int: 16    God:    Ignis [*****.]
Gold:   272        SH:  0    Dex: 10    Spells: 6/8 levels left

rFire   + + .      SeeInvis .   j - +3 long sword
rCold   + . .      Faith    .   (no shield)
rNeg    . . .      Spirit   .   (helmet restricted)
rPois   +          Reflect  .   (no amulet)
rElec   .          Harm     .   p - ring of protection from fire
rCorr   .          Rampage  .   c - ring of protection from cold
Will    .....                   o - ring of poison resistance
Stlth   ++++......              (no ring)
HPRegen 0.16/turn               (no ring)
MPRegen 0.11/turn               (no ring)
                                (no ring)
                                (no ring)

@: no status effects
A: almost no armour, amphibious, 8 rings, camouflage 1, gelatinous body 1,
(nimble swimmer 1), tentacles
a: Renounce Religion, Fiery Armour, Foxfire Swarm, Rising Flame


You were on level 6 of the Dungeon.
You worshipped Ignis.
Ignis was extremely pleased with you.
You visited 1 branch of the dungeon, and saw 6 of its levels.

You collected 272 gold pieces.

Inventory:

Hand Weapons
 a - a -1 spear of flaming
 f - a +0 rapier
   (You took it off a goblin on level 3 of the Dungeon)
 g - a +0 longbow
   (You found it on level 2 of the Dungeon)
 h - a +0 morningstar
   (You found it on level 2 of the Dungeon)
 j - a +3 long sword (weapon)
   (You found it on level 4 of the Dungeon)
 k - a +0 dire flail
   (You found it on level 2 of the Dungeon)
Missiles
 m - 4 curare-tipped darts (quivered)
Jewellery
 c - a ring of protection from cold (right tentacle)
   (You found it on level 2 of the Dungeon)
 e - a ring of ice
   (You found it on level 1 of the Dungeon)
 o - a ring of poison resistance (on tentacle)
   (You found it on level 4 of the Dungeon)
 p - a ring of protection from fire (left tentacle)
   (You found it on level 2 of the Dungeon)
Wands
 l - a wand of mindburst (9)
   (You found it on level 4 of the Dungeon)
 t - a wand of polymorph (4)
   (You took it off an orc on level 5 of the Dungeon)
Scrolls
 b - 2 scrolls of enchant weapon
 d - 3 scrolls of immolation
 n - a scroll of brand weapon
 s - a scroll of amnesia
 u - a scroll of silence {unknown}
 z - 3 scrolls of blinking
Potions
 i - 2 potions of flight
 q - 2 potions of curing
 r - a potion of attraction {unknown}
 v - a potion of haste {unknown}
 w - a potion of heal wounds


   Skills:
 + Level 5.0 Fighting
 - Level 3.0 Polearms
 + Level 5.0 Dodging
 - Level 5.0 Stealth
 - Level 1.0 Spellcasting
 - Level 3.0 Fire Magic


You had 6 spell levels left.
You knew the following spells:

 Your Spells              Type           Power      Damage    Failure   Level
a - Scorch                Fire           20%        2d6       10%         2

Your spell library contained the following spells:

 Spells                   Type           Power      Damage    Failure   Level
 Magic Dart               Conj           0%         1d3       22%         1
 Sandblast                Erth           0%         2d4       22%         1
 Passwall                 Tmut/Erth      0%         N/A       34%         2
 Searing Ray              Conj           0%         2d4       34%         2
 Static Discharge         Conj/Air       0%         N/A       34%         2
 Stone Arrow              Conj/Erth      0%         3d7       56%         3
 Tukima's Dance           Hex            0%         N/A       56%         3
 Sticky Flame             Conj/Fire      5%         2d3       77%         4
 Anguish                  Hex/Necr       0%         N/A       92%         4
 Dispel Undead            Necr           0%         3d6       92%         4
 Fulminant Prism          Conj/Hex       0%         3d6       92%         4
 Enfeeble                 Hex            0%         N/A       100%        7


Dungeon Overview and Level Annotations

Branches:
Dungeon (6/15)
 Temple: D:4-7

Altars:
Elyvilon
Hepliaklqana
Qazlal
Ru
Sif Muna
Uskayaw

Shops:
D:4 :

Annotations:
D:3 Grinder
D:5 exclusion: phantom


Innate Abilities, Weirdness & Mutations

You cannot wear most types of armour.
You are amphibious.
You can wear up to eight rings at the same time.
Your skin changes colour to match your surroundings (Stealth+).
Your rubbery body absorbs attacks. (AC +1, EV +1)
((You are camouflaged when in or above water. (Stealth+)))
You have tentacles for arms and can constrict up to eight enemies at once.


Message History

You completely miss the hound. You grab the hound.
The hound is lightly wounded.
You constrict the hound. The hound bites you.
You hit the hound. You burn the hound.
The hound is moderately wounded.
You constrict the hound. The hound bites you. x2
You hit the hound. You burn the hound. You squeeze the hound.
The hound is almost dead.
You constrict the hound.
You kill the hound!
Your Fighting skill increases to level 4!
No target in view!
No target in view!
No target in view!
No target in view!
Okay, then.
You start resting.
HP restored.
Okay, then.
Okay, then.
As you read the scroll labelled JUFFIL HERCH, it crumbles to dust.
You assume a fearsome visage.
Nothing appears to happen.
It was a scroll of fear.
Unknown command.
Okay, then.
Your -1 spear of flaming stops flaming.
j - a +3 long sword (weapon)
There is a stone staircase leading up here.
q - 2 potions of curing (gained 1)
A water moccasin comes into view.
Found a glowing scarf.
A water moccasin is nearby!
A water moccasin is nearby!
Aiming: Mindburst
Press: ? - help, Shift-Dir - straight line, f - water moccasin
Aim: a water moccasin (asleep, chance to affect: 64%)
The water moccasin hisses angrily.
The water moccasin's mind is blasted!!
You hit the water moccasin. You grab the water moccasin.
You squeeze the water moccasin.
You kill the water moccasin!
You have reached level 7!
You see here a scarf of shadows.
u - a scarf of shadows You drop a scarf of shadows.
Found 15 stones.
You see here 15 stones.
Found 18 stones.
You now have 272 gold pieces (gained 13).
Found a ring mail.
You see here a +0 ring mail.
A hound comes into view.
A hound is nearby!
A hound is nearby!
You see here a scroll labelled EKISEJEMMU.
u - a scroll labelled EKISEJEMMU The hound barks!
The hound barely misses you.
A centaur comes into view.
The hound bites you.
You closely miss the hound.
The centaur shouts!
Your grab misses the hound. You tentacle-slap the hound.
The hound is lightly wounded.
The hound barely misses you. The hound closely misses you.
You closely miss the hound. You grab the hound.
The hound is lightly wounded.
You constrict the hound. The hound closely misses you.
A jelly comes into view.
The hound bites you.
The jelly quivers.
You slash the hound!
You kill the hound!
The centaur wields a +0 shortbow.
The centaur shoots an arrow.
The arrow hits you!
The centaur shoots an arrow.
The arrow barely misses you.
Training target 5.0 for Fighting reached!
Your Fighting skill increases to level 5!
You need to enable at least one skill for training.
Found 4 poisoned darts.
The centaur shoots an arrow.
The arrow hits you!
The centaur unwields a +0 shortbow.
The centaur closely misses you. The centaur kicks you. The centaur hits you.
The centaur barely misses you.
You hit the centaur.
The centaur is lightly wounded.
The centaur completely misses you. The centaur kicks you.
The centaur closely misses you. The centaur barely misses you.
The jelly closely misses you.
You barely miss the centaur. Your squeeze misses the centaur.
The centaur is lightly wounded.
The centaur hits you. The centaur barely misses you. The jelly hits you.
* * * LOW HITPOINT WARNING * * *
You are splashed with acid!
* * * LOW HITPOINT WARNING * * *
The centaur hits you.
* * * LOW HITPOINT WARNING * * *
The centaur kicks you.
* * * LOW HITPOINT WARNING * * *
Unknown command.
The centaur wields a +0 shortbow.
The centaur shoots an arrow.
The arrow hits you!
You die...

# #################
#................
#.###[##..#######
#.##.##..# # ###
#.#.##..# # ## ..#
##..##..# # #..
#.###....#..# #
###...##@#........#
###
.(......#.#....#....
..(.
......Jc†.....######
#### ........###.###
# .##...### #.# #
#.... #.# ...... #.#
.#.## #.# #.


You could see a centaur and a jelly.

Vanquished Creatures
  A water moccasin (D:6)
  An ogre (D:5)
  A scorpion (D:5)
  2 hounds (D:6)
  2 iguanas
  A gnoll (D:1)
  8 adders
  An ufetubus (D:5)
  5 worms
  2 dart slugs
  13 orcs
  3 endoplasms
  4 giant cockroaches
  5 hobgoblins
  4 jackals
  6 kobolds
  4 quokkas
  6 ball pythons
  5 bats
  3 frilled lizards (D:1)
  6 goblins
  5 rats
88 creatures vanquished.

Vanquished Creatures (others)
  6 withered plants (D:2)
6 creatures vanquished.

Grand Total: 94 creatures vanquished

Notes
Turn   | Place    | Note
-------+----------+-------------------------------------------
     0 | D:1      | Flugkiller the Octopode Cinder Acolyte began the quest for
                  | the Orb.
     0 | D:1      | Reached XP level 1. HP: 16/16 MP: 2/2
    40 | D:1      | Reached skill level 1 in Stealth
   351 | D:1      | Reached skill level 1 in Dodging
   351 | D:1      | Reached XP level 2. HP: 21/21 MP: 3/3
   739 | D:1      | You fall into a shaft and drop 1 floor!
   744 | D:2      | Found a faded altar of an unknown god.
   767 | D:2      | Reached XP level 3. HP: 25/26 MP: 4/4
  1411 | D:2      | Reached XP level 4. HP: 8/31 MP: 5/5
  2428 | D:3      | Noticed Grinder
  2701 | D:3      | Found a shimmering blue altar of Sif Muna.
  2739 | D:3      | Found a sacrificial altar of Ru.
  2739 | D:3      | Found a hazy altar of Hepliaklqana.
  2841 | D:4      | Reached XP level 5. HP: 36/36 MP: 6/6
  3290 | D:4      | Found a stormy altar of Qazlal.
  3510 | D:4      | Reached skill level 5 in Stealth
  3719 | D:4      | Found Famp's Book Emporium.
  3769 | D:4      | Learned a level 2 spell: Scorch
  3883 | D:5      | Entered Level 5 of the Dungeon
  3965 | D:5      | Reached XP level 6. HP: 42/42 MP: 4/7
  4029 | D:5      | Reached skill level 5 in Dodging
  4100 | D:5      | Noticed a +0 spear
  4100 | D:5      | Noticed a +0 falchion
  4100 | D:5      | Noticed a +0 short sword
  4100 | D:5      | Noticed a +0 falchion
  4100 | D:5      | Noticed a +0 dagger
  4100 | D:5      | Noticed a +0 short sword
  4101 | D:5      | Noticed a +0 spear
  4101 | D:5      | Noticed a +0 dagger
  4103 | D:5      | Found a hide-covered altar of Uskayaw.
  4246 | D:5      | Found a white marble altar of Elyvilon.
  4785 | D:6      | Noticed a water moccasin
  4787 | D:6      | Killed a water moccasin
  4788 | D:6      | Reached XP level 7. HP: 49/49 MP: 8/8
  4910 | D:6      | Reached skill level 5 in Fighting
  4913 | D:6      | HP: 2/50 [centaur (6)]
  4914 | D:6      | Shot with an arrow by a centaur

Illustrated notes

Levels and vault maps discovered:
D:1:      dpeg_arrival_pond, layout_loops_cross
D:2:      minmay_general_purpose_star, layout_basic,
          ebering_ecumenical_altar_petrified
D:3:      layout_loops_cross, gammafunk_temple_overflow_pools,
          lemuel_blue_sif_altar, solitary_fountain, minmay_fractal_squares_5,
          uniq_grinder, uniq_crazy_yiuf_cottage
D:4:      layout_basic, overflow_temple_1_default, serial_shops,
          nicolae_diamond_shop
D:5:      layout_loops_cross, amcnicky_altar_gilded, nicolae_uskayaw_en_pointe,
          nicolae_overflow_squiral, old_standard_altar,
          hangedman_minor_gate_pass
D:6:      layout_loops_ring

Skill      XL: |  1  2  3  4  5  6  7 |
---------------+----------------------+-----
Stealth        | 1 2 3 4 5 |  5.0
Dodging        | 1 2 3 4 5 |  5.0
Fighting       | 4 5 |  5.0
Polearms       | |  3.0
Spellcasting   | |  1.0
Fire Magic     | |  3.0

Action                   |  1- 3 |  4- 6 |  7- 9 || total
-------------------------+-------+-------+-------++-------
Melee: Spear             |    61 |    41 |       ||   102
       Constrict         |    11 |     7 |     1 ||    19
       Tentacles         |     5 |    10 |       ||    15
       Punch             |     1 |     1 |     1 ||     3
       Long sword        |       |     1 |     5 ||     6
 Fire: Longbow           |    28 |   105 |       ||   133
Throw: Dart              |       |     1 |       ||     1
 Cast: Scorch            |       |     9 |       ||     9
Invok: Fiery Armour      |       |     1 |       ||     1
Evoke: Wand              |       |     4 |       ||     4
  Use: Scroll            |       |     9 |       ||     9
 Stab: Sleeping          |     4 |     4 |       ||     8
Armor: Skin              |     3 |     8 |       ||    11
Dodge: Dodged            |    22 |    58 |    12 ||    92

Table legend: (Time is in decaauts)
 A = Elapsed time spent in this place.
 B = Non-inter-level travel time spent in this place.
 C = Inter-level travel time spent in this place.
 D = Time resting spent in this place.
 E = Time spent auto-exploring this place.
 F = Levels seen in this place.
 G = Mean time per level.
                   A        B        C        D        E       F      G
               +--------+--------+--------+--------+--------+-----+--------+
         Total |   5014 |   4810 |    204 |   1246 |   2766 |   6 |  835.7 |
       Dungeon |   5014 |   4810 |    204 |   1246 |   2766 |   6 |  835.7 |
               +--------+--------+--------+--------+--------+-----+--------+

Top non-repeatable levels by time:
     D:2: 1343 daAuts
     D:4: 1136 daAuts
     D:5: 771 daAuts
     D:3: 766 daAuts
     D:1: 737 daAuts
     D:6: 259 daAuts
